 Dungeon Crawl Stone Soup version 0.19.4 (console) character file.

14658 Kloppie the Protected (level 11, -18/99 HPs)
             Began as a Minotaur Fighter on Feb 3, 2017.
             Was a High Priest of Dithmenos.
             Killed from afar by Harold (34 damage)
             ... with a bolt of fire
             ... on level 1 of the Lair of Beasts.
             The game lasted 00:15:24 (9025 turns).

Kloppie the Protected (Minotaur Fighter)            Turns: 9025, Time: 00:15:25

Health: -18/99     AC: 23    Str: 23 (24) XL:     11   Next: 91%
Magic:  10/10      EV:  6    Int:  5      God:    Dithmenos [*****.]
Gold:   705        SH: 12    Dex: 10      Spells: 0 memorised, 10 levels left

rFire  . . .     SeeInvis +     a - +1 war axe
rCold  + . .     Gourm    .     v - +0 plate armour
rNeg   . . .     Faith    .     c - +0 shield
rPois  +         Spirit   .     (helmet restricted)
rElec  .         Reflect  .     m - +2 cloak
rCorr  .         Harm     .     t - +0 pair of gloves
MR     .....     Clarity  +     B - +1 pair of boots
Stlth  ..........               n - amulet of regeneration
                                o - ring of see invisible
                                b - ring of protection from cold

@: very slightly contaminated, hasted, wreathed by umbra, very quick
A: retaliatory headbutt, horns 2, clarity, deterioration 1, poison resistance
a: Shadow Step, Shadow Form, Renounce Religion


You were on level 1 of the Lair of Beasts.
You worshipped Dithmenos.
Dithmenos was extremely pleased with you.
You were not hungry.

You visited 3 branches of the dungeon, and saw 13 of its levels.
You visited the Abyss 1 time.

You collected 705 gold pieces.

Inventory:

Hand Weapons
 a - a +1 war axe (weapon)
 k - a +0 morningstar
Armour
 c - a +0 shield (worn)
 m - a +2 cloak (worn)
 t - a +0 pair of gloves (worn)
 v - a +0 plate armour (worn)
 B - a +1 pair of boots (worn)
Jewellery
 b - a ring of protection from cold (left hand)
 d - an uncursed amulet of the gourmand
 n - an amulet of regeneration (around neck)
 o - a ring of see invisible (right hand)
Scrolls
 e - a scroll of magic mapping
 g - a scroll of recharging
 j - 7 scrolls of identify
 r - 7 scrolls of remove curse
Potions
 p - a potion of brilliance
 u - a potion of cancellation
 z - 2 potions of haste
Comestibles
 f - 9 bread rations
 i - 13 royal jellies
 q - 3 slices of pizza
 s - 5 meat rations
 w - 13 fruits
 F - 7 beef jerkies


   Skills:
 - Level 10.1 Fighting
 + Level 12.9 Axes
 * Level 13.5 Armour
 - Level 10.5 Shields


You had 10 spell levels left.
You didn't know any spells.

Dungeon Overview and Level Annotations

Branches:
Dungeon (11/15)            Temple (1/1) D:6            Lair (1/6) D:11
    Orc (0/2) D:9

Altars:
Ashenzari
Cheibriados
Dithmenos
Elyvilon
Fedhas
Gozag
Hepliaklqana
Kikubaaqudgha
Makhleb
Nemelex Xobeh
Okawaru
Qazlal
Ru
Sif Muna
Trog
Uskayaw
Vehumet
Xom
Zin
The Shining One

Shops:
D:5 *

Annotations:
Lair:1 Harold


Innate Abilities, Weirdness & Mutations

You reflexively headbutt those who attack you in melee.
You have a pair of horns on your head.
You possess an exceptional clarity of mind.
Your body sometimes deteriorates upon taking damage.
Your system is resistant to poisons. (rPois)


Message History

Harold is moderately wounded.
You slash Harold!
Harold is heavily wounded.
Harold hits you but does no damage.
Okay, then.
You hit Harold. You headbutt Harold!
Harold is heavily wounded.
Your shadow hits Harold with a war axe. You hit Harold.
Harold is severely wounded.
Your shadow hits Harold with a war axe.
Harold says, "My wife will appreciate not having to wash blood out of my clothes anymore."
You block Harold's attack.
You hit Harold but do no damage.
Harold is severely wounded.
You hit Harold.
Harold is almost dead.
Harold points at you and mumbles some strange words.
The bolt of fire hits you!
You die...

.##........#
..@........#
.##........#.⌠.
.........../# #.+#.#
#..### #....##
#####@.## #...@..P#
###+## #......##
#....# #......# #....#
#......# #....##
##......# ###.....#
#.......#####.#....###
##......+†.........#..
#.......#†####....'.#
+......#### #....###


You could see Harold.

Vanquished Creatures
  Erolcha (D:11)
  2 hill giants
  A manticore (D:10)
  A deep elf mage (D:10)
  A centaur zombie (D:10)
  Maurice (D:11)
  2 gargoyles
  An ancient zyme (Abyss:1)
  A queen bee (Lair:1)
  A troll (D:10)
  2 hippogriffs
  A shadow (D:10)
  The ghost of Kloppie the Covered, an amateur MiFi (D:3)
  21 yaks
  A mottled dragon (D:11)
  2 large abominations (Abyss:1)
  A water moccasin (Lair:1)
  2 orc warriors
  A small abomination (Abyss:1)
  2 black bears
  6 ice beasts
  A sky beast (D:5)
  An eye of draining (D:10)
  2 phantoms
  A necrophage (D:5)
  4 ogres
  2 centaurs
  A crocodile (D:10)
  5 bullfrogs
  4 scorpions
  30 killer bees
  4 wights (D:8)
  A vampire bat (D:4)
  7 howler monkeys
  5 jellies
  5 crimson imps
  A bullfrog zombie (D:7)
  5 hounds
  4 orc priests
  2 bullfrog skeletons
  5 centaur skeletons
  2 gnoll shamans
  3 iguanas
  8 worker ants
  10 orc wizards
  3 hound skeletons
  A mummy (D:7)
  8 adders
  8 gnolls
  A river rat (D:11)
  2 shadow imps
  An adder zombie (D:5)
  3 adder skeletons
  2 worms (D:2)
  2 dart slugs
  6 leopard geckos
  21 orcs
  4 ball pythons
  16 bats
  5 bat skeletons (D:4)
  A bat zombie (D:4)
  6 giant cockroaches
  7 goblins
  8 hobgoblins
  13 jackals
  2 quokkas (D:4)
  A ball python zombie (D:5)
  6 frilled lizards
  2 hobgoblin zombies (D:7)
  7 kobolds
  2 kobold zombies (D:7)
  2 leopard gecko skeletons
  A quokka skeleton (D:6)
  3 rats
309 creatures vanquished.

Notes
Turn   | Place    | Note
-------+----------+-------------------------------------------
     0 | D:1      | Kloppie the Minotaur Fighter began the quest for the Orb.
     0 | D:1      | Reached XP level 1. HP: 19/19 MP: 0/0
   177 | D:1      | Reached XP level 2. HP: 24/27 MP: 1/1
   443 | D:1      | Reached XP level 3. HP: 33/34 MP: 2/2
   815 | D:2      | Reached skill level 5 in Fighting
  1076 | D:2      | Reached XP level 4. HP: 32/42 MP: 3/3
  1083 | D:2      | Found a snail-covered altar of Cheibriados.
  1450 | D:3      | Found a stormy altar of Qazlal.
  1466 | D:3      | Noticed Kloppie's ghost (amateur MiFi)
  1477 | D:3      | Killed Kloppie's ghost
  1477 | D:3      | Reached XP level 5. HP: 19/51 MP: 4/4
  2388 | D:4      | Reached XP level 6. HP: 60/60 MP: 5/5
  2595 | D:4      | Reached skill level 5 in Axes
  2630 | D:4      | Found a radiant altar of Vehumet.
  2712 | D:4      | Found a shadowy altar of Dithmenos.
  3025 | D:4      | Found an ancient bone altar of Kikubaaqudgha.
  3172 | D:5      | Entered Level 5 of the Dungeon
  3172 | D:5      | Noticed a sky beast
  3176 | D:5      | Killed a sky beast
  3176 | D:5      | Reached XP level 7. HP: 61/69 MP: 6/6
  3202 | D:5      | Found an iron altar of Okawaru.
  3405 | D:5      | Found Zin's Purification Station.
  3408 | D:5      | Found a glowing silver altar of Zin.
  3627 | D:5      | Reached XP level 8. HP: 56/79 MP: 7/7
  3658 | D:5      | Reached skill level 10 in Fighting
  3865 | D:6      | Reached skill level 4 in Armour
  3885 | D:6      | Reached skill level 5 in Armour
  3916 | D:6      | Found an opulent altar of Gozag.
  3941 | D:6      | Reached skill level 6 in Armour
  4095 | D:6      | Found a staircase to the Ecumenical Temple.
  4105 | Temple   | Entered the Ecumenical Temple
  4241 | D:4      | Became a worshipper of Dithmenos the Shadowed
  4487 | D:7      | Reached skill level 7 in Armour
  4584 | D:7      | Reached XP level 9. HP: 59/85 MP: 8/8
  4703 | D:7      | Reached skill level 8 in Armour
  4931 | D:7      | Reached skill level 9 in Armour
  4943 | D:7      | Reached * piety under Dithmenos
  5445 | D:8      | Reached skill level 10 in Armour
  5568 | D:8      | Found a white marble altar of Elyvilon.
  5746 | D:8      | Found a bloodstained altar of Trog.
  5751 | D:8      | Reached ** piety under Dithmenos
  5952 | D:9      | Reached skill level 5 in Shields
  6116 | D:9      | Reached skill level 10 in Axes
  6256 | D:9      | Reached XP level 10. HP: 93/93 MP: 9/9
  6525 | D:9      | Found a staircase to the Orcish Mines.
  6633 | D:10     | Entered Level 10 of the Dungeon
  6662 | D:10     | Noticed a deep elf mage
  6663 | D:10     | Noticed a manticore
  6672 | D:10     | Killed a deep elf mage
  6683 | D:10     | Killed a manticore
  6928 | D:10     | Reached *** piety under Dithmenos
  6943 | D:10     | Reached skill level 10 in Shields
  6971 | D:10     | Noticed a gargoyle
  6988 | D:10     | Killed a gargoyle
  7058 | D:10     | Reached XP level 11. HP: 79/99 MP: 10/10
  7455 | D:10     | Reached skill level 11 in Armour
  7622 | D:11     | Noticed a hill giant
  7641 | D:10     | Killed a hill giant
  7795 | D:11     | Reached **** piety under Dithmenos
  7809 | D:11     | Noticed a hill giant
  7819 | D:11     | Killed a hill giant
  7908 | D:11     | Noticed Erolcha
  7910 | D:11     | Gained mutation: Your body sometimes deteriorates upon taking damage. [potion of mutation]
  7910 | D:11     | Gained mutation: Your system is resistant to poisons. (rPois) [potion of mutation]
  7910 | D:11     | Gained mutation: You possess an exceptional clarity of mind. [potion of mutation]
  7914 | D:11     | Cast into level 1 of the Abyss (Erolcha)
  7966 | Abyss:1  | Reached skill level 12 in Armour
  8053 | D:11     | Escaped the Abyss
  8058 | D:11     | Killed Erolcha
  8096 | D:11     | Noticed Maurice
  8105 | D:11     | Killed Maurice
  8125 | D:11     | Found a staircase to the Lair.
  8705 | Lair:1   | Entered Level 1 of the Lair of Beasts
  8761 | Lair:1   | Reached skill level 13 in Armour
  8886 | Lair:1   | Reached ***** piety under Dithmenos
  9003 | Lair:1   | Noticed Harold
  9025 | Lair:1   | Killed from afar by Harold

Skill      XL: |  1  2  3  4  5  6  7  8  9 10 11 |
---------------+----------------------------------+-----
Fighting       | 4 5 6 7 8 9 10 | 10.1
Axes           | 3 4 5 6 8 10 11 12 | 12.9
Armour         | 7 10 13 | 13.5
Shields        | 6 10 | 10.5

Action                   |  1- 3 |  4- 6 |  7- 9 | 10-12 || total
-------------------------+-------+-------+-------+-------++-------
Melee: War axe           |   102 |   103 |   383 |   473 ||  1061
       Headbutt          |    21 |    17 |    75 |   107 ||   220
  Use: Potion            |       |     1 |    16 |     4 ||    21
       Scroll            |       |       |    15 |     3 ||    18
  Eat: Chunk             |     1 |     6 |    10 |    11 ||    28
Armor: Scale mail        |    58 |    41 |    93 |       ||   192
       Plate armour      |       |       |   129 |   253 ||   382
Dodge: Dodged            |    29 |    38 |   100 |   140 ||   307
Block: Shield            |    55 |    64 |   211 |   288 ||   618
